[Event "NED-ch U20 Girls 2019"]
[Site "Assen"]
[Date "2019.05.03"]
[Round "6.2"]
[White "Koning, Femke"]
[Black "Waardenburg, Feline"]
[Result "0-1"]
[ECO "B12"]
[WhiteElo "1566"]
[BlackElo "1742"]
[Annotator "NA"]
[PlyCount "104"]
[EventDate "2019.04.28"]
[EventType "swiss"]
[EventCountry "NED"]
[SourceTitle "playchess.com"]
[Source "ChessBase"]
[SourceQuality "1"]
[TimeControl "40/5400+30:1800+30"]

1. e4 c6 2. d4 d5 3. e5 Bf5 4. h4 h5 5. Bd3 Bxd3 6. Qxd3 e6 7. Ne2 Nd7 8. Qb3 Qc7 9. Bf4 Ne7 10. c3 Nf5 11. Ng3 Nxg3 12. Bxg3 Be7 13. Nd2 g5 14. hxg5 Bxg5 15. Nf3 Be7 16. Qc2 O-O-O 17. O-O-O Rdg8 18. Rdg1 Qa5 19. Kb1 Nb6 20. b3 Qb5 21. Ka1 a5 22. a4 Qa6 23. Bh4 Bxh4 24. Rxh4 Na8 25. g3 Rg4 26. Rxg4 hxg4 27. Nh4 Nc7 28. Qd1 Rg8 29. Ng2 b5 30. Ne3 Kd8 31. Nxg4 bxa4 32. Nf6 Rh8 33. Qc2 a3 34. c4 Qb6 35. c5 Qb4 36. Qd3 Nb5 37. Ka2 Nc3+ 38. Ka1 Qxb3 39. Qd2 Ke7 40. Rc1 Nb5 41. Ng4 Rg8 42. Ne3 Rh8 43. Rb1 Qa4 44. Nc2 a2 45. Rc1 Rh2 46. Re1 Qb3 47. Rc1 Kd7 48. Ne3 Qa3 49. Ng4 Rh8 50. Rd1 Qb3 51. Re1 Na3 52. Rc1 Qb1+ 0-1

[Event "NED-ch U20 Girls 2019"]
[Site "Assen"]
[Date "2019.05.03"]
[Round "6.3"]
[White "Van de Poel, Wyona"]
[Black "Waardenburg, Marlinde"]
[Result "1/2-1/2"]
[ECO "C02"]
[WhiteElo "1584"]
[BlackElo "1706"]
[Annotator "NA"]
[PlyCount "60"]
[EventDate "2019.04.28"]
[EventType "swiss"]
[EventCountry "NED"]
[SourceTitle "playchess.com"]
[Source "ChessBase"]
[SourceQuality "1"]
[TimeControl "40/5400+30:1800+30"]

1. e4 e6 2. d4 d5 3. e5 c5 4. Be3 Nc6 5. c3 Bd7 6. f4 Qb6 7. Qb3 Qxb3 8. axb3 cxd4 9. cxd4 Nb4 10. Kd2 Ne7 11. g4 h5 12. g5 Nf5 13. Bf2 Nc6 14. Nf3 Bb4+ 15. Nc3 O-O 16. Kd3 Rfc8 17. Nh4 Nxh4 18. Bxh4 Na5 19. Kc2 Rc7 20. Be1 Rac8 21. Rg1 Be8 22. Bh3 g6 23. Rg3 b6 24. Bf1 Ra8 25. Be2 Rac8 26. Ba6 Rb8 27. Be2 Bf8 28. Bd1 Nc6 29. Kd3 Na5 30. Na4 Nc6 1/2-1/2

[Event "NED-ch U20 Girls 2019"]
[Site "Assen"]
[Date "2019.05.03"]
[Round "6.4"]
[White "Basa, Manasvita"]
[Black "Monteny, Pascalle"]
[Result "0-1"]
[ECO "C29"]
[WhiteElo "1532"]
[BlackElo "1433"]
[Annotator "NA"]
[PlyCount "114"]
[EventDate "2019.04.28"]
[EventType "swiss"]
[EventCountry "NED"]
[SourceTitle "playchess.com"]
[Source "ChessBase"]
[SourceQuality "1"]
[TimeControl "40/5400+30:1800+30"]

1. e4 e5 2. Nc3 Nf6 3. f4 d5 4. fxe5 Nxe4 5. Nf3 Be7 6. d4 Nxc3 7. bxc3 O-O 8. Bd3 c5 9. O-O Nc6 10. Be3 b6 11. Qd2 cxd4 12. cxd4 Nb4 13. Be2 Bf5 14. Ng5 Bg6 15. Nh3 Nxc2 16. Rac1 Bb4 17. Qd1 Nxe3 18. Qb3 Nxf1 19. Rxf1 Be7 20. Nf4 Be4 21. Bf3 Bxf3 22. Rxf3 Qd7 23. Rg3 Bh4 24. Rh3 Bg5 25. Nh5 Rac8 26. Rg3 Rc1+ 27. Kf2 Qf5+ 28. Rf3 Qc2+ 29. Kg3 Qxb3 30. axb3 Rd1 31. h4 Be7 32. Nf4 Rxd4 33. h5 Re4 34. Nxd5 Rxe5 35. Rd3 Bd6 36. Kg4 Rd8 37. g3 Bc7 38. Nf4 Rxd3 39. Nxd3 Re3 40. Nf4 Bxf4 41. gxf4 g6 42. h6 f5+ 43. Kg5 Kf7 44. b4 Rg3+ 45. Kh4 Rg4+ 46. Kh3 Ke6 47. b5 Rxf4 48. Kg3 Ke5 49. Kg2 Ke4 50. Kg3 Ke3 51. Kh3 Rg4 52. Kh2 Kf2 53. Kh3 Rg5 54. Kh4 Rg1 55. Kh3 Kf3 56. Kh4 f4 57. Kh3 Rh1# 0-1

[Event "NED-ch U20 Girls 2019"]
[Site "Assen"]
[Date "2019.05.04"]
[Round "7.1"]
[White "Waardenburg, Feline"]
[Black "Van de Poel, Wyona"]
[Result "1-0"]
[ECO "D36"]
[WhiteElo "1742"]
[BlackElo "1584"]
[Annotator "NA RC"]
[PlyCount "85"]
[EventDate "2019.04.28"]
[EventType "swiss"]
[EventCountry "NED"]
[SourceTitle "playchess.com"]
[Source "ChessBase"]
[SourceQuality "1"]
[TimeControl "40/5400+30:1800+30"]

1. d4 d5 2. c4 e6 3. Nc3 Nf6 4. cxd5 exd5 5. Bg5 Be7 6. e3 c6 7. Bd3 Nbd7 8. Qc2 Nf8 9. Nf3 Ne6 10. Bh4 g6 11. Rb1 O-O 12. O-O Ng7 13. b4 a6 14. a4 Bf5 15. Bxf5 Nxf5 16. Bxf6 Bxf6 17. b5 axb5 18. axb5 Qa5 19. Rfc1 Rfc8 20. Qb3 Nd6 21. g3 Kg7 22. Rb2 Nc4 23. Rbc2 Qd8 24. Na4 Be7 25. bxc6 bxc6 26. Ra2 Rcb8 27. Qc2 Ba3 28. Rca1 Be7 29. Nc5 Rxa2 30. Rxa2 Bxc5 31. dxc5 Rb5 32. Ra6 Rxc5 33. Ne5 Qd6 34. Nd3 Rb5 35. Qc3+ Kf8 36. Qh8+ Ke7 37. Ra7+ Ke6 38. Nf4+ Kf5 39. Rxf7+ Kg5 40. Qxh7 Kg4 41. Qh4+ Kf3 42. Nxd5+ Ke2 43. Nc3+ 1-0

[Event "NED-ch U20 Girls 2019"]
[Site "Assen"]
[Date "2019.05.04"]
[Round "7.2"]
[White "Duson, Robin"]
[Black "Basa, Manasvita"]
[Result "1-0"]
[ECO "D35"]
[WhiteElo "1981"]
[BlackElo "1532"]
[Annotator "NA RC"]
[PlyCount "121"]
[EventDate "2019.04.28"]
[EventType "swiss"]
[EventCountry "NED"]
[SourceTitle "playchess.com"]
[Source "ChessBase"]
[SourceQuality "1"]
[TimeControl "40/5400+30:1800+30"]

1. d4 d5 2. c4 e6 3. Nc3 Be7 4. Bf4 Nf6 5. e3 O-O 6. a3 {[%emt 0:00:22] D35: Queen's Gambit Declined: Exchange Variation} a6 7. Rc1 Nbd7 8. Nf3 Nh5 $146 ({Predecessor:} 8... c5 9. h3 cxd4 10. exd4 dxc4 11. Bxc4 {1-0 (93) Jankovic,A (2579)-Mrkonjic,N (2353) Sibenik 2016}) 9. cxd5 Nxf4 10. exf4 Nb6 11. dxe6 Bxe6 12. Bd3 f5 (12... Qd6 $142) 13. O-O Bf6 14. Ne5 Qd6 15. Ne2 Rad8 16. Qc2 Nd5 17. g3 g6 18. Rfd1 Kg7 19. b4 c6 20. Qc5 Be7 21. Qxd6 Rxd6 22. Bc4 g5 23. Bxd5 Bxd5 24. fxg5 Bxg5 25. f4 Bd8 26. Nc3 Bg8 27. Kf2 Bb6 28. Ke3 Rfd8 29. Ne2 Ra8 30. Rb1 Rad8 31. a4 Kf6 32. h3 h5 33. Rb2 Kg7 34. a5 Ba7 35. Rd3 Kf6 36. Rbd2 Kg7 37. Rd1 Kf6 38. g4 fxg4 39. hxg4 hxg4 40. Nxg4+ Kf5 {[%emt 0:00:38] [#]} 41. Ne5 $1 Rf8 $2 (41... Bd5) 42. Ng3+ Kf6 43. Ne4+ Ke6 44. Nxd6 Kxd6 45. Rg1 Bh7 46. Rd2 Bf5 47. Rg7 Bc8 48. Rg5 $18 Bf5 49. Rh2 Kd5 50. Rhh5 Bxd4+ 51. Kd2 Ke4 52. Nd3 Be3+ 53. Ke2 Bxf4 54. Rh4 Be6 55. Re5+ Kd4 56. Rxe6 Kd5 57. Rxf4 Rxf4 58. Nxf4+ Kc4 59. Nd3 Kb5 60. Re7 b6 61. Rb7 1-0

[Event "NED-ch U20 Girls 2019"]
[Site "Assen"]
[Date "2019.05.04"]
[Round "7.3"]
[White "Waardenburg, Marlinde"]
[Black "Warnaar, Alisha"]
[Result "0-1"]
[ECO "E92"]
[WhiteElo "1706"]
[BlackElo "1910"]
[Annotator "NA RC"]
[PlyCount "144"]
[EventDate "2019.04.28"]
[EventType "swiss"]
[EventCountry "NED"]
[SourceTitle "playchess.com"]
[Source "ChessBase"]
[SourceQuality "1"]
[TimeControl "40/5400+30:1800+30"]

1. d4 Nf6 2. c4 g6 3. Nc3 Bg7 4. e4 d6 5. Nf3 O-O 6. Be2 e5 7. dxe5 dxe5 8. Qxd8 Rxd8 9. Bg5 c6 10. Nxe5 Re8 11. O-O-O Na6 12. Nf3 Nc5 13. Nd2 {[%emt 0:08:01] E92: King's Indian: Classical: 6 Be2 e5: 7 dxe5, 7 Be3 and Petrosian System without 7...Nbd7} Nfd7 (13... Be6 14. f3 b6 15. Nb3 Nfd7 16. Nd4 Ne5 17. Nxe6 Nxe6 18. Be3 c5 19. Nd5 Nc6 20. Bd3 Ncd4 {1-0 (56) Iljiushenok,I (2528)-Murzin,V (2282) Kolomna 2018}) 14. f3 f5 15. Rhe1 Bxc3 16. bxc3 fxe4 17. Bf1 $146 ({Predecessor:} 17. Nxe4 Nxe4 18. fxe4 Nc5 19. Bf3 Be6 20. Rd4 Na4 {1-0 (52) Gagarin,V (2385)-Khan,E (2240) Gyor 1990}) 17... Re5 (17... Nb6 $16) 18. f4 Re8 19. Nb3 a5 20. Rd4 Nxb3+ 21. axb3 Nc5 22. Kb2 Bf5 23. Rd2 a4 24. b4 Ne6 25. Bh6 Nd8 26. Bg5 (26. Re3 $14) 26... Nf7 27. Bh4 e3 28. Rdd1 Bg4 29. Be2 Nh6 30. Bg5 Bxe2 31. Rxe2 Nf7 32. Bh4 ({Better is} 32. c5 $1 $14) 32... Re4 33. Rd3 Rae8 34. Ka3 Rxf4 35. Bg3 Rxc4 36. Rdxe3 Rxc3+ 37. Rxc3 Rxe2 38. Kxa4 Rxg2 39. Re3 Rc2 40. Re8+ Kg7 41. Kb3 Rc1 42. Kb2 (42. Re7 $17 {keeps fighting.}) 42... Rc4 43. Kb3 {[%emt 0:00:11] [#]} b5 $1 44. Re7 Kf6 45. Rd7 $19 g5 46. Rd2 h5 47. Bc7 Ne5 48. Rf2+ Rf4 49. Re2 Rf3+ 50. Kc2 Ng4 51. Kd2 Rb3 52. Bd6 Rb2+ 53. Ke1 Rxe2+ 54. Kxe2 Ke6 55. Bb8 Kd5 56. h3 Nf6 57. Ba7 Kc4 58. Bc5 Nd5 59. Kf3 g4+ 60. hxg4 hxg4+ 61. Kxg4 Nxb4 62. Be7 Nd3 63. Kf3 b4 64. Ke2 Kc3 65. Kd1 c5 66. Bf6+ Kb3 67. Kd2 c4 68. Bg7 Nb2 69. Kc1 c3 70. Bh6 Ka2 71. Kc2 Na4 72. Bg5 b3+ 0-1

[Event "NED-ch U20 Girls 2019"]
[Site "Assen"]
[Date "2019.05.04"]
[Round "7.4"]
[White "Monteny, Pascalle"]
[Black "Koning, Femke"]
[Result "1-0"]
[ECO "C56"]
[WhiteElo "1433"]
[BlackElo "1566"]
[Annotator "NA RC"]
[PlyCount "107"]
[EventDate "2019.04.28"]
[EventType "swiss"]
[EventCountry "NED"]
[SourceTitle "playchess.com"]
[Source "ChessBase"]
[SourceQuality "1"]
[TimeControl "40/5400+30:1800+30"]

1. e4 e5 2. Nf3 Nc6 3. d4 exd4 4. Bc4 Nf6 5. e5 d5 6. Bb5 Ne4 7. Nxd4 Bd7 8. Bxc6 bxc6 9. O-O Bc5 10. f3 Ng5 11. f4 Ne4 12. Be3 Bb6 13. c3 O-O 14. Nd2 c5 15. N4b3 c4 16. Nd4 c5 17. Ne2 Bf5 18. Nf3 Qd7 19. Qe1 Rad8 20. Qh4 h6 21. h3 Bh7 22. g4 f5 23. Kh2 Rde8 24. g5 Bd8 25. Rg1 Kh8 26. Ng3 hxg5 27. Nxg5 Nxg5 28. fxg5 Rxe5 29. Bxc5 Rfe8 30. Bd4 R5e7 31. Kh1 Kg8 32. Nh5 Re4 33. Qf2 g6 34. Nf6+ Bxf6 35. gxf6 Kf7 36. Qf3 Qc8 37. Bxa7 Kxf6 38. Bd4+ Kf7 39. a4 Qb8 40. Rg2 Qa8 41. Rgg1 Rb8 42. Rg2 Rbe8 43. Qg3 Qd8 44. a5 Qh4 45. Qxh4 Rxh4 46. Kh2 Ra8 47. a6 Re4 48. a7 f4 49. Ra5 Ke6 50. Rb5 Rxd4 51. cxd4 Rxa7 52. Re2+ Kd6 53. Rb6+ Kd7 54. Rf6 1-0